 Dungeon Crawl Stone Soup version 0.30-a0-170-g85af917532 (webtiles) character file.

Game seed: 16227663679165915664

25967 qw the Cleaver (level 13, -4/82 HPs)
             Began as a Gargoyle Fighter on Sept 30, 2022.
             Was an Elder of Okawaru.
             Killed from afar by an oklob plant (28 damage)
             ... with a splash of acid
             ... on level 4 of the Lair of Beasts.
             The game lasted 00:04:47 (11825 turns).

qw the Cleaver (Gargoyle Fighter)                  Turns: 11825, Time: 00:04:48

Health: -4/82      AC: 20    Str: 31    XL:     13   Next: 23%
Magic:  20/20      EV: 11    Int:  9    God:    Okawaru [****..]
Gold:   694        SH:  6    Dex: 12    Spells: 12/12 levels left

rFire   + + .      SeeInvis .    u - +0 broad axe (vorpal)
rCold   + . .      Faith    .    c - +0 buckler
rNeg    + . .      Spirit   .    f - +0 plate armour
rPois   inf        Reflect  .    (no helmet)
rElec   +          Harm     .    g - scarf {rC+ rF+}
rCorr   .          Rampage  +    b - +2 pair of gloves
Will    .....                    a - +1 pair of boots of Makhleb's Condemnation {Rampage Dex+3}
Stlth   ..........               p - amulet of regeneration
HPRegen 1.03/turn                s - +4 ring of slaying {mikee}
MPRegen 0.17/turn                e - +6 ring of strength

@: about to teleport, heroic, corroded
A: sickness immunity, AC +9, negative energy resistance 1, electricity
resistance, torment resistance 1, petrification resistance, fire resistance 1
a: Renounce Religion, Heroism, Finesse


You were on level 4 of the Lair of Beasts.
You worshipped Okawaru.
Okawaru was greatly pleased with you.
You visited 2 branches of the dungeon, and saw 12 of its levels.

You collected 865 gold pieces.
You spent 171 gold pieces at shops.


Innate Abilities, Weirdness & Mutations

You are immune to sickness and miasma.
Your stone body is resilient. (AC +9)
You are immune to poison.
You resist negative energy. (rN+)
You are resistant to electric shocks. (rElec)
You are resistant to unholy torment.
You are immune to petrification.
Your flesh is heat resistant. (rF+)


   Skills:
 - Level 10.0(15.0) Fighting
 - Level 13.5(18.5) Axes
 + Level 4.7(9.7) Throwing
 - Level 9.0(14.0) Armour
 - Level 3.0(8.0) Dodging
 - Level 6.2(11.2) Shields
 - Level 10.0 Invocations


You had 12 spell levels left.
You didn't know any spells.
Your spell library was empty.

Inventory:

Hand Weapons
 l - the +12 mace "Lyliwel" {flame, Str+4 Int+9}
   (You found it on level 3 of the Lair of Beasts)

   It burns those it strikes, dealing additional fire damage.
   Str:       It affects your strength (+4).
   Int:       It affects your intelligence (+9).
 u - a +0 vorpal broad axe (weapon)
Missiles
 o - a silver javelin
 t - 6 boomerangs (quivered)
Armour
 a - the +1 pair of boots of Makhleb's Condemnation (worn) {Rampage Dex+3}
   (You acquired it on level 2 of the Dungeon)

   Dex:       It affects your dexterity (+3).
   Rampage:   It bestows one free step when moving towards enemies.
 b - a +2 pair of gloves (worn)
 c - a +0 buckler (worn)
 f - a +0 plate armour (worn)
 g - a scarf of resistance (worn)
 m - the +0 ring mail of Spite {rElec Will- rCorr MP+9 Int+4}
   (You found it on level 4 of the Dungeon)

   Int:       It affects your intelligence (+4).
   rElec:     It insulates you from electricity.
   MP:        It affects your magic capacity (+9).
   rCorr:     It protects you from acid and corrosion.
   Will:      It decreases your willpower.
Jewellery
 e - a +6 ring of strength (right hand)
 p - an amulet of regeneration (around neck)
 s - a +4 ring of slaying (left hand) {mikee}
Scrolls
 i - 7 scrolls of identify
 j - 8 scrolls of teleportation
Potions
 d - 2 potions of might
 h - 2 potions of mutation
 k - 3 potions of lignification
 n - 3 potions of attraction
 q - 6 potions of curing
 r - 4 potions of heal wounds

Dungeon Overview and Level Annotations

Branches:
Dungeon (8/15)             Temple (0/1) D:6            Lair (4/5) D:8
 Shoals (0/4) Lair:2       Spider (0/4) Lair:2
  Slime: Lair:4-5

Altars:
Ashenzari
Cheibriados
Gozag
Kikubaaqudgha
Okawaru
Trog
Uskayaw
Yredelemnul
Zin

Shops:
D:2 *   D:5 ?


Message History

As you read the scroll of teleportation, it crumbles to dust.
You feel strangely unstable. The oklob plant spits acid at you.
The splash of acid hits you. The acid corrodes you!
Your surroundings suddenly seem different.
Enter note:
Enter note:
Enter note:
Enter note: You start resting.
You feel like a meek peon again.
HP restored.
You start waiting.
You are no longer corroded.
Done waiting.
You see here a +2 vorpal war axe.
i - 7 scrolls of identify (gained 1)
q - 6 potions of curing (gained 1)
The oklob plant spits acid at you. The splash of acid hits you!
Enter note:
11808 ||| INVOKING Heroism.
You gain the combat prowess of a mighty hero.
The oklob plant spits acid at you. The splash of acid hits you!!
The acid corrodes you! The oklob plant spits acid at you.
The splash of acid hits you! The oklob plant spits acid at you.
The splash of acid hits you!! The acid corrodes you!
Magic restored.
The oklob plant spits acid at you. The splash of acid hits you.
The acid corrodes you! The oklob plant spits acid at you.
The splash of acid hits you! The acid corrodes you!
11824 ||| READING 9 scrolls of teleportation.
As you read the scroll of teleportation, it crumbles to dust.
You feel strangely unstable. The oklob plant spits acid at you.
The splash of acid hits you!!
You die...

#................#
##...............#
##...............##
#.#..............P#
###........PPP....##
#.......=PPP=....#
#........PPP....#
#.........?.....#
#.........@.....#
#...............#
##...........#.#.##
#.......#.........#
##......##.##..#### ##
#........#####.######## ###.
#.......P#.##..#.#..#.###.#.
##..........................
##..........................


You could see an oklob plant.

Vanquished Creatures
  Nessos (Lair:4)
  A fire dragon (Lair:2)
  5 hydras
  A death yak (Lair:3)
  A fire crab (Lair:3)
  A deep elf pyromancer (D:7)
  2 cane toads
  6 torpor snails (Lair:3)
  5 black mambas
  2 rime drakes
  An unseen horror (D:8)
  5 komodo dragons
  2 trolls
  2 polar bears
  Grinder (D:3)
  13 blink frogs (Lair:4)
  Sigmund (D:3)
  Eustachio (D:4)
  3 wyverns
  A basilisk (Lair:1)
  30 yaks
  3 steam dragons (D:8)
  A vampire mosquito (D:7)
  An acid dragon (D:8)
  6 water moccasins
  A sky beast (D:6)
  3 black bears
  An orc warrior (D:8)
  2 ogres
  2 centaurs
  6 wolves
  2 kobold brigands (D:6)
  A gnoll sergeant (D:8)
  19 bullfrogs
  3 scorpions
  2 necrophages (D:5)
  4 wights
  4 howler monkeys
  An electric eel (Lair:2)
  2 hounds
  A jelly (D:6)
  5 orc priests
  A gnoll bouda (D:8)
  4 iguanas
  Natasha (thrice) (D:3)
  6 orc wizards
  A hell rat (Lair:3)
  18 gnolls
  6 adders
  2 white imps
  4 worms
  4 dart slugs
  24 orcs
  3 ball pythons
  2 endoplasms (D:1)
  3 giant cockroaches
  9 goblins
  8 hobgoblins
  3 jackals (D:3)
  14 kobolds
  A quokka (D:1)
  7 bats
  9 frilled lizards
  3 rats
290 creatures vanquished.

Vanquished Creatures (others)
  A bullfrog (Lair:3)
  7 fungi
  31 plants
39 creatures vanquished.

Grand Total: 329 creatures vanquished

Notes
Turn   | Place    | Note
-------+----------+-------------------------------------------
     0 | D:1      | qw the Gargoyle Fighter began the quest for the Orb.
     0 | D:1      | Reached XP level 1. HP: 14/14 MP: 1/1
     0 | D:1      | 0 ||| qw: Version: 0.2-a-12-gaebbb33
     0 | D:1      | 0 ||| qw: Game counter: 1568
     0 | D:1      | 0 ||| qw: Always use a shield: true
     0 | D:1      | 0 ||| qw: God list: Okawaru
     0 | D:1      | 0 ||| qw: Allow faded altars: false
     0 | D:1      | 0 ||| qw: Do Orc after D:15 true
     0 | D:1      | 0 ||| qw: Do second Lair branch before Depths: true
     0 | D:1      | 0 ||| qw: Lair rune preference: random
     0 | D:1      | 0 ||| qw: Plans: Normal, Zot:1-4, God:TSO, Crypt, Tomb,
                  | Pan, Slime:5, Hells, Abyss, Orb
     0 | D:1      | 0 ||| PLANNING D:1-11
    94 | D:1      | Reached skill level 2 in Axes
   282 | D:1      | 282 ||| Stepping ~*~*~tactically~*~*~ (stealth).
   431 | D:1      | Reached XP level 2. HP: 17/19 MP: 2/2
   977 | D:1      | Found a faded altar of an unknown god.
  1055 | D:1      | 1055 ||| Stepping ~*~*~tactically~*~*~ (stealth).
  1058 | D:1      | 1058 ||| Stepping ~*~*~tactically~*~*~ (stealth).
  1062 | D:1      | Reached skill level 3 in Axes
  1375 | D:1      | 1375 ||| UPGRADING to +0 pair of gloves.
  1381 | D:1      | 1381 ||| READING scroll labelled TAIL IRHUTUETS.
  1385 | D:1      | 1385 ||| READING scroll labelled QATEHO ROEC.
  1486 | D:1      | 1486 ||| READING scroll labelled BURCHU POTS.
  1487 | D:1      | 1487 ||| READING 2 scrolls labelled ZOTWIN GOE.
  1488 | D:1      | 1488 ||| READING scroll labelled XESOEN WEDI.
  1489 | D:1      | 1489 ||| READING scroll labelled HEV KEBLAUWN.
  1490 | D:1      | 1490 ||| DRINKING 2 metallic purple potions.
  1491 | D:1      | 1491 ||| DROPPING potion of degeneration.
  1506 | D:2      | 1506 ||| STAIRDANCE
  1510 | D:1      | Reached XP level 3. HP: 15/23 MP: 3/3
  1991 | D:2      | 1991 ||| DROPPING +0 club.
  2073 | D:2      | Found Ysylemp's Assorted Antiques.
  2103 | D:2      | 2103 ||| BUYING dented cabochon amulet (145 gold).
  2103 | D:2      | Bought a dented cabochon amulet for 145 gold pieces
  2103 | D:2      | 2103 ||| SHOPLISTING glimmering war axe (246 gold, have 5).
  2103 | D:2      | 2103 ||| SHOPLISTING red potion (26 gold, have 5).
  2103 | D:2      | 2103 ||| SHOPLISTING sapphire potion (26 gold, have 5).
  2103 | D:2      | 2103 ||| SHOPLISTING scroll labelled DISTRU MIQAYQ (29
                  | gold, have 5).
  2103 | D:2      | 2103 ||| SHOPLISTING scroll of teleportation (87 gold, have
                  | 5).
  2103 | D:2      | 2103 ||| SHOPLISTING viscous yellow potion (26 gold, have
                  | 5).
  2116 | D:2      | 2116 ||| Stepping ~*~*~tactically~*~*~ (hiding).
  2260 | D:2      | 2260 ||| UPGRADING to +0 plate armour.
  2270 | D:2      | 2270 ||| DROPPING +0 scale mail.
  2271 | D:2      | 2271 ||| UPGRADING to amulet of regeneration.
  2276 | D:2      | 2276 ||| READING scroll labelled HOILAA ILIN.
  2276 | D:2      | Identified a scroll of acquirement
  2276 | D:2      | 2276 ||| ACQUIRING +1 pair of boots of Makhleb's
                  | Condemnation {Rampage Dex+3}
  2276 | D:2      | Acquired the +1 pair of boots of Makhleb's Condemnation
                  | {Rampage Dex+3}
  2278 | D:2      | 2278 ||| UPGRADING to +1 pair of boots of Makhleb's
                  | Condemnation {Rampage Dex+3}.
  2283 | D:2      | 2283 ||| READING scroll labelled MOUSMU XIDGHEDA.
  2284 | D:2      | 2284 ||| READING scroll labelled SEBEAL VYRCHEL.
  2285 | D:2      | 2285 ||| READING scroll labelled ROAMUVV VECKEH.
  2309 | D:3      | Noticed Sigmund
  2325 | D:3      | Reached XP level 4. HP: 24/28 MP: 4/4
  2341 | D:3      | Killed Sigmund
  2342 | D:3      | Reached skill level 5 in Axes
  2342 | D:3      | Reached XP level 5. HP: 28/32 MP: 5/5
  2368 | D:3      | Reached XP level 6. HP: 37/37 MP: 6/6
  2443 | D:3      | Found a broken altar of Ashenzari.
  2489 | D:3      | Found a snail-covered altar of Cheibriados.
  2497 | D:3      | Noticed Grinder
  2516 | D:3      | Killed Grinder
  2545 | D:3      | 2545 ||| Stepping ~*~*~tactically~*~*~ (hiding).
  2545 | D:3      | Noticed Natasha
  2546 | D:3      | 2546 ||| Stepping ~*~*~tactically~*~*~ (hiding).
  2555 | D:3      | Killed Natasha
  2556 | D:3      | Reached XP level 7. HP: 44/44 MP: 7/7
  2580 | D:3      | Noticed Natasha
  2581 | D:3      | 2581 ||| Stepping ~*~*~tactically~*~*~ (hiding).
  2585 | D:3      | Killed Natasha
  2660 | D:3      | Noticed Natasha
  2661 | D:3      | 2661 ||| Stepping ~*~*~tactically~*~*~ (stealth).
  2666 | D:3      | 2666 ||| Stepping ~*~*~tactically~*~*~ (hiding).
  2678 | D:3      | Killed Natasha
  2925 | D:3      | Found a bloodstained altar of Trog.
  2925 | D:3      | Found an iron altar of Okawaru.
  2926 | D:3      | 2926 ||| PLANNING OKAWARU WORSHIP
  2926 | D:3      | 2926 ||| FLEEEEING.
  2932 | D:3      | 2932 ||| FLEEEEING.
  2933 | D:3      | 2933 ||| FLEEEEING.
  2934 | D:3      | 2934 ||| FLEEEEING.
  2935 | D:3      | 2935 ||| FLEEEEING.
  2937 | D:3      | 2937 ||| FLEEEEING.
  2938 | D:3      | 2938 ||| FLEEEEING.
  2939 | D:3      | 2939 ||| FLEEEEING.
  2940 | D:3      | 2940 ||| FLEEEEING.
  2941 | D:3      | 2941 ||| FLEEEEING.
  2942 | D:3      | 2942 ||| FLEEEEING.
  2943 | D:3      | 2943 ||| FLEEEEING.
  2944 | D:3      | 2944 ||| FLEEEEING.
  2945 | D:3      | 2945 ||| FLEEEEING.
  2950 | D:3      | 2950 ||| FLEEEEING.
  2951 | D:3      | 2951 ||| FLEEEEING.
  2957 | D:3      | 2957 ||| FLEEEEING.
  2958 | D:3      | 2958 ||| STAIRDANCE
  2960 | D:2      | 2960 ||| UPGRADING to +4 ring of slaying {mikee}.
  2961 | D:2      | 2961 ||| READING scroll labelled DISTRU MIQAYQ.
  2962 | D:2      | 2962 ||| READING scroll labelled OCIASE ASHRONT.
  2963 | D:2      | 2963 ||| READING scroll labelled MURIEZ DUDA.
  2964 | D:2      | 2964 ||| DRINKING 2 viscous yellow potions.
  2964 | D:2      | Gained mutation: Your flesh is heat resistant. (rF+)
                  | [potion of mutation]
  2965 | D:2      | 2965 ||| DRINKING 2 metallic puce potions.
  3013 | D:2      | 3013 ||| READING 2 scrolls of identify.
  3013 | D:2      | 3013 ||| IDENTIFYING green potion
  3014 | D:2      | 3014 ||| DROPPING potion of invisibility.
  3018 | D:3      | 3018 ||| STAIRDANCE
  3061 | D:3      | Became a worshipper of Warmaster Okawaru
  3062 | D:3      | 3062 ||| PLANNING D:1-11
  3134 | D:4      | 3134 ||| Stepping ~*~*~tactically~*~*~ (hiding).
  3142 | D:4      | Reached skill level 6 in Axes
  3261 | D:4      | 3261 ||| DROPPING +0 mace.
  3358 | D:4      | Reached skill level 1 in Dodging
  3387 | D:4      | Noticed Eustachio
  3406 | D:4      | Killed Eustachio
  3786 | D:4      | Identified the +0 ring mail of Spite {rElec Will- rCorr
                  | MP+9 Int+4}
  3892 | D:4      | 3892 ||| READING 3 scrolls labelled MUR JAL GIR.
  3893 | D:4      | 3893 ||| DRINKING 2 cyan potions.
  3894 | D:4      | 3894 ||| DRINKING 2 bubbling purple potions.
  3895 | D:4      | 3895 ||| DRINKING 2 red potions.
  3896 | D:4      | 3896 ||| DROPPING 2 scrolls of immolation.
  3916 | D:5      | Entered Level 5 of the Dungeon
  3927 | D:5      | Found Lasawebu's Magic Scroll Shop.
  3938 | D:5      | 3938 ||| SHOPLISTING 3 scrolls of enchant weapon (292 gold,
                  | have 117).
  3938 | D:5      | 3938 ||| BUYING scroll of identify (26 gold).
  3938 | D:5      | Bought a scroll of identify for 26 gold pieces
  3976 | D:5      | Reached XP level 8. HP: 49/49 MP: 8/8
  3981 | D:5      | 3981 ||| Stepping ~*~*~tactically~*~*~ (stealth).
  3982 | D:5      | 3982 ||| Stepping ~*~*~tactically~*~*~ (stealth).
  3984 | D:5      | 3984 ||| Stepping ~*~*~tactically~*~*~ (stealth).
  3991 | D:5      | Reached * piety under Okawaru
  3992 | D:5      | Reached skill level 7 in Axes
  3996 | D:5      | Reached skill level 1 in Invocations
  3997 | D:5      | 3997 ||| Stepping ~*~*~tactically~*~*~ (stealth).
  3999 | D:5      | 3999 ||| Stepping ~*~*~tactically~*~*~ (stealth).
  4002 | D:5      | Reached skill level 1 in Throwing
  4020 | D:5      | 4020 ||| Stepping ~*~*~tactically~*~*~ (stealth).
  4027 | D:5      | 4027 ||| INVOKING Heroism.
  4045 | D:5      | 4045 ||| Stepping ~*~*~tactically~*~*~ (stealth).
  4046 | D:5      | 4046 ||| Stepping ~*~*~tactically~*~*~ (stealth).
  4055 | D:5      | 4055 ||| Stepping ~*~*~tactically~*~*~ (stealth).
  4058 | D:5      | 4058 ||| Stepping ~*~*~tactically~*~*~ (stealth).
  4081 | D:5      | 4081 ||| Stepping ~*~*~tactically~*~*~ (stealth).
  4226 | D:5      | Reached skill level 3 in Invocations
  4226 | D:5      | 4226 ||| Stepping ~*~*~tactically~*~*~ (stealth).
  4384 | D:5      | 4384 ||| Stepping ~*~*~tactically~*~*~ (stealth).
  4469 | D:5      | 4469 ||| READING scroll labelled JORRIPHYESE.
  4471 | D:5      | 4471 ||| READING scroll labelled GYDGHE UM WIEW.
  4472 | D:5      | 4472 ||| READING 3 scrolls of identify.
  4472 | D:5      | 4472 ||| IDENTIFYING fuming white potion
  4473 | D:5      | 4473 ||| READING 2 scrolls of identify.
  4473 | D:5      | 4473 ||| IDENTIFYING viscous inky potion
  4474 | D:5      | 4474 ||| DROPPING potion of berserk rage.
  4491 | D:5      | 4491 ||| DROPPING potion of brilliance.
  4512 | D:6      | Found a staircase to the Ecumenical Temple.
  4557 | D:6      | 4557 ||| INVOKING Heroism.
  4587 | D:6      | 4587 ||| Stepping ~*~*~tactically~*~*~ (stealth).
  4591 | D:6      | 4591 ||| INVOKING Heroism.
  4596 | D:6      | 4596 ||| Stepping ~*~*~tactically~*~*~ (hiding).
  4601 | D:6      | Noticed a yak
  4605 | D:6      | Noticed a yak
  4606 | D:6      | Reached skill level 8 in Axes
  4606 | D:6      | Noticed a yak
  4607 | D:6      | Noticed a yak
  4608 | D:6      | 4608 ||| Stepping ~*~*~tactically~*~*~ (stealth).
  4615 | D:6      | Reached ** piety under Okawaru
  4620 | D:6      | 4620 ||| INVOKING Heroism.
  4621 | D:6      | Killed a yak
  4622 | D:6      | Reached skill level 6 in Fighting
  4622 | D:6      | Reached XP level 9. HP: 49/55 MP: 9/12
  4707 | D:6      | Reached skill level 9 in Axes
  4798 | D:6      | 4798 ||| Stepping ~*~*~tactically~*~*~ (hiding).
  4878 | D:6      | 4878 ||| INVOKING Heroism.
  5130 | D:6      | 5130 ||| INVOKING Heroism.
  5166 | D:6      | 5166 ||| INVOKING Heroism.
  5169 | D:6      | 5169 ||| Stepping ~*~*~tactically~*~*~ (stealth).
  5177 | D:6      | 5177 ||| Stepping ~*~*~tactically~*~*~ (stealth).
  5179 | D:6      | 5179 ||| Stepping ~*~*~tactically~*~*~ (stealth).
  5208 | D:6      | Found an opulent altar of Gozag.
  5285 | D:7      | 5285 ||| STAIRDANCE
  5290 | D:6      | Reached *** piety under Okawaru
  5291 | D:6      | Reached skill level 6 in Armour
  5295 | D:7      | 5295 ||| STAIRDANCE
  5301 | D:7      | 5301 ||| STAIRDANCE
  5309 | D:7      | Noticed a troll
  5310 | D:7      | 5310 ||| STAIRDANCE
  5319 | D:7      | 5319 ||| INVOKING Heroism.
  5324 | D:7      | 5324 ||| STAIRDANCE
  5326 | D:6      | Killed a troll
  5390 | D:7      | Noticed a troll
  5391 | D:7      | 5391 ||| INVOKING Heroism.
  5396 | D:7      | Killed a troll
  5397 | D:7      | Reached XP level 10. HP: 63/63 MP: 10/13
  5422 | D:7      | 5422 ||| Stepping ~*~*~tactically~*~*~ (stealth).
  5423 | D:7      | 5423 ||| Stepping ~*~*~tactically~*~*~ (stealth).
  5424 | D:7      | 5424 ||| Stepping ~*~*~tactically~*~*~ (stealth).
  5425 | D:7      | 5425 ||| Stepping ~*~*~tactically~*~*~ (stealth).
  5430 | D:7      | Reached skill level 10 in Axes
  5430 | D:7      | Noticed a deep elf pyromancer
  5431 | D:7      | 5431 ||| Stepping ~*~*~tactically~*~*~ (stealth).
  5440 | D:7      | Killed a deep elf pyromancer
  5440 | D:7      | Reached **** piety under Okawaru
  5476 | D:7      | 5476 ||| Stepping ~*~*~tactically~*~*~ (stealth).
  5552 | D:7      | 5552 ||| INVOKING Heroism.
  5596 | D:7      | 5596 ||| INVOKING Heroism.
  5601 | D:7      | Received a gift from Okawaru
  5876 | D:7      | Found a hide-covered altar of Uskayaw.
  5885 | D:7      | Found a glowing silver altar of Zin.
  5982 | D:8      | Found a staircase to the Lair.
  6004 | D:8      | 6004 ||| Stepping ~*~*~tactically~*~*~ (stealth).
  6006 | D:8      | 6006 ||| Stepping ~*~*~tactically~*~*~ (stealth).
  6009 | D:8      | 6009 ||| Stepping ~*~*~tactically~*~*~ (stealth).
  6103 | D:8      | 6103 ||| Stepping ~*~*~tactically~*~*~ (stealth).
  6104 | D:8      | 6104 ||| Stepping ~*~*~tactically~*~*~ (stealth).
  6175 | D:8      | 6175 ||| INVOKING Heroism.
  6304 | D:8      | Found an ancient bone altar of Kikubaaqudgha.
  6307 | D:8      | Found the necklace of Bloodlust {*Rage Will++ Int-3 Slay+6}
  6382 | D:8      | 6382 ||| READING scroll of enchant armour.
  6382 | D:8      | 6382 ||| ENCHANTING +0 pair of gloves.
  6410 | D:8      | 6410 ||| INVOKING Heroism.
  6411 | D:8      | 6411 ||| Stepping ~*~*~tactically~*~*~ (hiding).
  6412 | D:8      | 6412 ||| Stepping ~*~*~tactically~*~*~ (hiding).
  6440 | D:8      | 6440 ||| Stepping ~*~*~tactically~*~*~ (stealth).
  6442 | D:8      | 6442 ||| INVOKING Heroism.
  6447 | D:8      | 6447 ||| Stepping ~*~*~tactically~*~*~ (stealth).
  6480 | D:8      | 6480 ||| Stepping ~*~*~tactically~*~*~ (stealth).
  6482 | D:8      | 6482 ||| Stepping ~*~*~tactically~*~*~ (hiding).
  6488 | D:8      | 6488 ||| INVOKING Heroism.
  6550 | D:8      | Found a basalt altar of Yredelemnul.
  6551 | D:8      | 6551 ||| INVOKING Heroism.
  6739 | D:8      | 6739 ||| Stepping randomly (disturbance).
  6740 | D:8      | 6740 ||| Stepping randomly (disturbance).
  6770 | D:8      | Killed an unseen horror
  6780 | D:8      | 6780 ||| Stepping ~*~*~tactically~*~*~ (stealth).
  6822 | D:8      | 6822 ||| INVOKING Heroism.
  6931 | D:8      | 6931 ||| PLANNING LAIR
  6931 | D:8      | 6931 ||| UPGRADING to +2 pair of gloves.
  6941 | D:8      | 6941 ||| DROPPING +1 pair of gloves.
  6942 | D:8      | 6942 ||| READING 3 scrolls labelled TOILOR SYSTRU.
  6943 | D:8      | 6943 ||| DRINKING 2 sapphire potions.
  6944 | D:8      | 6944 ||| DROPPING potion of flight.
  6945 | D:8      | 6945 ||| DROPPING 2 scrolls of fear.
  6987 | Lair:1   | Entered Level 1 of the Lair of Beasts
  6994 | Lair:1   | 6994 ||| INVOKING Heroism.
  6997 | Lair:1   | 6997 ||| Stepping ~*~*~tactically~*~*~ (stealth).
  7000 | Lair:1   | Reached skill level 6 in Invocations
  7010 | Lair:1   | Reached XP level 11. HP: 61/68 MP: 13/15
  7177 | Lair:1   | 7177 ||| Stepping ~*~*~tactically~*~*~ (stealth).
  7179 | Lair:1   | 7179 ||| Stepping ~*~*~tactically~*~*~ (stealth).
  7189 | Lair:1   | 7189 ||| INVOKING Heroism.
  7191 | Lair:1   | Reached skill level 11 in Axes
  7195 | Lair:1   | 7195 ||| Stepping ~*~*~tactically~*~*~ (stealth).
  7301 | Lair:1   | 7301 ||| Stepping ~*~*~tactically~*~*~ (stealth).
  7303 | Lair:1   | 7303 ||| Stepping ~*~*~tactically~*~*~ (hiding).
  7311 | Lair:1   | Reached ***** piety under Okawaru
  7389 | Lair:1   | 7389 ||| INVOKING Heroism.
  7464 | Lair:1   | 7464 ||| INVOKING Heroism.
  7472 | Lair:1   | Received a gift from Okawaru
  7485 | Lair:1   | 7485 ||| READING scroll of enchant weapon.
  7485 | Lair:1   | 7485 ||| ENCHANTING +1 vorpal war axe.
  7523 | Lair:1   | 7523 ||| Stepping ~*~*~tactically~*~*~ (hiding).
  7533 | Lair:1   | 7533 ||| INVOKING Heroism.
  7784 | Lair:1   | 7784 ||| Stepping ~*~*~tactically~*~*~ (stealth).
  7787 | Lair:1   | 7787 ||| Stepping ~*~*~tactically~*~*~ (stealth).
  8142 | Lair:2   | 8142 ||| Stepping ~*~*~tactically~*~*~ (stealth).
  8143 | Lair:2   | 8143 ||| Stepping ~*~*~tactically~*~*~ (stealth).
  8144 | Lair:2   | 8144 ||| INVOKING Heroism.
  8197 | Lair:2   | 8197 ||| INVOKING Heroism.
  8206 | Lair:2   | Reached skill level 9 in Fighting
  8330 | Lair:2   | Found a staircase to the Shoals.
  8351 | Lair:2   | Found a hole to the Spider Nest.
  8352 | Lair:2   | 8352 ||| Stepping ~*~*~tactically~*~*~ (stealth).
  8541 | Lair:2   | 8541 ||| INVOKING Heroism.
  8543 | Lair:2   | Noticed a fire dragon
  8551 | Lair:2   | 8551 ||| INVOKING Finesse.
  8570 | Lair:2   | Killed a fire dragon
  8571 | Lair:2   | Reached skill level 3 in Throwing
  8571 | Lair:2   | Reached skill level 9 in Invocations
  8825 | Lair:2   | 8825 ||| DROPPING ring of magical power.
  8894 | Lair:3   | 8894 ||| FLEEEEING.
  8896 | Lair:3   | 8896 ||| INVOKING Heroism.
  8998 | Lair:3   | 8998 ||| INVOKING Heroism.
  9023 | Lair:3   | Found a snail-covered altar of Cheibriados.
  9039 | Lair:3   | 9039 ||| INVOKING Heroism.
  9048 | Lair:3   | Reached XP level 12. HP: 76/76 MP: 19/19
  9159 | Lair:3   | Identified the +12 mace "Lyliwel" {flame, Str+4 Int+9}
  9161 | Lair:3   | 9161 ||| DROPPING +0 flail.
  9231 | Lair:3   | Noticed a four-headed hydra
  9232 | Lair:3   | 9232 ||| INVOKING Heroism.
  9233 | Lair:3   | 9233 ||| INVOKING Finesse.
  9234 | Lair:3   | 9234 ||| SWAPPING to +12 mace "Lyliwel" {flame, Str+4
                  | Int+9}.
  9241 | Lair:3   | Killed a four-headed hydra
  9242 | Lair:3   | 9242 ||| SWAPPING to +2 vorpal war axe.
  9306 | Lair:3   | 9306 ||| Stepping ~*~*~tactically~*~*~ (hiding).
  9352 | Lair:3   | Noticed an eight-headed hydra
  9353 | Lair:3   | 9353 ||| INVOKING Heroism.
  9354 | Lair:3   | 9354 ||| SWAPPING to +12 mace "Lyliwel" {flame, Str+4
                  | Int+9}.
  9355 | Lair:3   | 9355 ||| INVOKING Finesse.
  9359 | Lair:3   | Killed an eight-headed hydra
  9360 | Lair:3   | 9360 ||| SWAPPING to +2 vorpal war axe.
  9476 | Lair:3   | Reached skill level 12 in Axes
  9493 | Lair:3   | Noticed a death yak
  9494 | Lair:3   | 9494 ||| INVOKING Heroism.
  9495 | Lair:3   | 9495 ||| INVOKING Finesse.
  9511 | Lair:3   | Killed a death yak
  9524 | Lair:3   | 9524 ||| Stepping ~*~*~tactically~*~*~ (stealth).
  9554 | Lair:3   | Reached skill level 6 in Shields
  9566 | Lair:3   | 9566 ||| Stepping ~*~*~tactically~*~*~ (stealth).
  9568 | Lair:3   | 9568 ||| Stepping ~*~*~tactically~*~*~ (stealth).
  9572 | Lair:3   | 9572 ||| Stepping randomly (cloudy).
  9578 | Lair:3   | 9578 ||| INVOKING Heroism.
  9582 | Lair:3   | Noticed a five-headed hydra
  9583 | Lair:3   | 9583 ||| INVOKING Finesse.
  9587 | Lair:3   | 9587 ||| SWAPPING to +12 mace "Lyliwel" {flame, Str+4
                  | Int+9}.
  9593 | Lair:3   | Killed a five-headed hydra
  9594 | Lair:3   | 9594 ||| SWAPPING to +2 vorpal war axe.
  9646 | Lair:3   | Identified the +9 trident of Kuong {freeze, Fragile rElec
                  | rF+ rC+}
  9684 | Lair:3   | Found the +3 Elemental Staff {rElec rF++ rC++ AC+5}
  9686 | Lair:3   | 9686 ||| FLEEEEING.
  9687 | Lair:3   | 9687 ||| INVOKING Heroism.
  9692 | Lair:3   | Reached skill level 9 in Armour
 10124 | Lair:3   | 10124 ||| Stepping ~*~*~tactically~*~*~ (stealth).
 10125 | Lair:3   | 10125 ||| Stepping ~*~*~tactically~*~*~ (stealth).
 10132 | Lair:3   | 10132 ||| INVOKING Heroism.
 10219 | Lair:3   | Noticed a six-headed hydra
 10220 | Lair:3   | 10220 ||| INVOKING Heroism.
 10221 | Lair:3   | 10221 ||| INVOKING Finesse.
 10223 | Lair:3   | 10223 ||| SWAPPING to +12 mace "Lyliwel" {flame, Str+4
                  | Int+9}.
 10226 | Lair:3   | Killed a six-headed hydra
 10227 | Lair:3   | 10227 ||| SWAPPING to +2 vorpal war axe.
 10469 | Lair:3   | 10469 ||| UPGRADING to +6 ring of strength.
 10497 | Lair:4   | 10497 ||| INVOKING Heroism.
 10531 | Lair:4   | Received a gift from Okawaru
 10533 | Lair:4   | Noticed a seven-headed hydra
 10534 | Lair:4   | 10534 ||| INVOKING Finesse.
 10538 | Lair:4   | Killed a seven-headed hydra
 10539 | Lair:4   | Reached XP level 13. HP: 82/82 MP: 14/20
 10590 | Lair:4   | 10590 ||| INVOKING Heroism.
 10606 | Lair:4   | Reached skill level 13 in Axes
 10666 | Lair:4   | Reached skill level 3 in Dodging
 10696 | Lair:4   | 10696 ||| INVOKING Heroism.
 10785 | Lair:4   | Noticed Nessos
 10786 | Lair:4   | 10786 ||| INVOKING Finesse.
 10788 | Lair:4   | 10788 ||| INVOKING Heroism.
 10801 | Lair:4   | 10801 ||| STAIRDANCE
 10856 | Lair:3   | 10856 ||| UPGRADING to scarf of resistance.
 10863 | Lair:4   | 10863 ||| INVOKING Finesse.
 10869 | Lair:4   | Killed Nessos
 10923 | Lair:4   | 10923 ||| READING scroll of acquirement.
 10923 | Lair:4   | 10923 ||| ACQUIRING +0 vorpal broad axe
 10923 | Lair:4   | Acquired a +0 vorpal broad axe
 10925 | Lair:4   | 10925 ||| SWAPPING to +0 vorpal broad axe.
 10926 | Lair:4   | 10926 ||| DROPPING +2 vorpal war axe.
 10950 | Lair:4   | Identified the +6 spear of Nice Exoneration {protect,
                  | Int+3}
 11027 | Lair:4   | 11027 ||| FLEEEEING.
 11055 | Lair:4   | 11055 ||| INVOKING Heroism.
 11056 | Lair:4   | 11056 ||| INVOKING Finesse.
 11063 | Lair:4   | 11063 ||| FLEEEEING.
 11110 | Lair:4   | 11110 ||| INVOKING Heroism.
 11111 | Lair:4   | 11111 ||| INVOKING Finesse.
 11116 | Lair:4   | 11116 ||| FLEEEEING.
 11117 | Lair:4   | 11117 ||| FLEEEEING.
 11117 | Lair:4   | HP: 19/82 [oklob plant/splash of acid (5)]
 11118 | Lair:4   | 11118 ||| FLEEEEING.
 11189 | Lair:4   | 11189 ||| FLEEEEING.
 11213 | Lair:4   | 11213 ||| FLEEEEING.
 11333 | Lair:4   | 11333 ||| INVOKING Heroism.
 11341 | Lair:4   | 11341 ||| FLEEEEING.
 11473 | Lair:4   | 11473 ||| FLEEEEING.
 11474 | Lair:4   | 11474 ||| FLEEEEING.
 11503 | Lair:4   | 11503 ||| INVOKING Heroism.
 11534 | Lair:4   | 11534 ||| READING 10 scrolls of teleportation.
 11808 | Lair:4   | 11808 ||| INVOKING Heroism.
 11824 | Lair:4   | 11824 ||| READING 9 scrolls of teleportation.
 11825 | Lair:4   | Killed from afar by an oklob plant

Levels and vault maps discovered:
D:1:      lightli_molten_gateway, layout_basic,
          chequers_ecumenical_altar_simple_redux
D:2:      layout_basic, serial_shops, nicolae_shop_advertising_works
          [nicolae_subvault_shop_adworks]
D:3:      cheibrodos_helix_gallery, layout_rooms,
          grunt_temple_overflow_bloody_war, cheibriados_altar_1,
          mainiacjoe_overflow_paths, uniq_natasha, uniq_grinder, uniq_sigmund
D:4:      layout_loops_ring, uniq_eustachio
D:5:      layout_basic, serial_shops, kennysheep_mini_moat, minmay_between
D:6:      layout_loops_ring, mainiacjoe_overflow_boulevard, temple_fountains
D:7:      layout_rooms, mainiacjoe_overflow_swirl, dk_vineyard_1, kb_rosetta
D:8:      layout_loops_corners, nicolae_kikubaaqudgha_miasma_corner,
          marbit_many_paths, lair_entry_dummy, enter_bailey_3, minivault_4
Lair:1:   layout_cave_pods
Lair:2:   dragon1_lemuel, layout_misc_corridors, shoals_dummy_entry,
          spider_nest_entry_web_field, wad_woods_03, serial_bayou_shore_a
Lair:3:   nzn_winding_woodlands_huge [nzn_winding_woodlands_5x15_cabin,
          nzn_winding_woodlands_5x15_river_crossing,
          nzn_winding_woodlands_5x15_twine,
          nzn_winding_woodlands_5x15_lazy_stream,
          nzn_winding_woodlands_5x15_default,
          nzn_winding_woodlands_5x15_pockets,
          nzn_winding_woodlands_5x15_pathside_ponds,
          nzn_winding_woodlands_5x15_longhouse,
          nzn_winding_woodlands_5x15_sidewinder,
          nzn_winding_woodlands_5x15_split_checker,
          nzn_winding_woodlands_center_lodge,
          nzn_winding_woodlands_center_diamonds,
          nzn_winding_woodlands_15x15_five_gardens], layout_regular_city,
          kennysheep_snail_temple
Lair:4:   layout_big_grid, minmay_lair_oklob_bushes, uniq_nessos

Skill      XL: |  1  2  3  4  5  6  7  8  9 10 11 12 13 |
---------------+----------------------------------------+-----
Axes           | 2 3 5 6 8 9 10 11 12 13 | 13.5
Fighting       | 5 6 7 8 9 10 | 10.0
Dodging        | 1 2 3 |  3.0
Armour         | 4 5 6 7 9 |  9.0
Invocations    | 4 6 10 | 10.0
Throwing       | 1 3 4 |  4.7
Shields        | 4 5 6 |  6.2

Action                   |  1- 3 |  4- 6 |  7- 9 | 10-12 | 13-15 || total
-------------------------+-------+-------+-------+-------+-------++-------
Melee: War axe           |   151 |    55 |   239 |   405 |    46 ||   896
       Mace              |       |       |       |    15 |       ||    15
Throw: Boomerang         |       |       |    40 |    88 |     8 ||   136
       Javelin           |       |       |       |    17 |     3 ||    20
Invok: Heroism           |       |       |     9 |    27 |     8 ||    44
       Finesse           |       |       |       |     7 |     4 ||    11
  Use: Scroll            |    10 |       |     9 |     3 |     3 ||    25
       Potion            |     1 |       |     5 |     1 |       ||     7
Armor: Scale mail        |    81 |       |       |       |       ||    81
       Plate armour      |    23 |    40 |   144 |   209 |    31 ||   447
Dodge: Dodged            |    80 |    12 |    74 |   102 |    24 ||   292
Block: Buckler           |    27 |    13 |    45 |    78 |    14 ||   177

Table legend:
 A = Non-vault XP
 B = Vault XP
 C = Vault XP percentage of total XP
 D = Non-vault monster count
 E = Vault monster count
 F = Vault count percentage of total count
                 A         B        C        D         E       F
            +---------+---------+-------+---------+---------+-------
      Total |   21784 |   15312 |  41.3 |     237 |      53 |  18.3
            +---------+---------+-------+---------+---------+-------
        D:1 |      35 |       0 |   0.0 |      21 |       0 |   0.0
        D:2 |      40 |       0 |   0.0 |      13 |       0 |   0.0
        D:3 |     117 |     525 |  81.8 |      19 |       6 |  24.0
        D:4 |     130 |     202 |  60.8 |      12 |       1 |   7.7
        D:5 |     620 |     245 |  28.3 |      15 |       5 |  25.0
        D:6 |    2159 |     301 |  12.2 |      37 |       1 |   2.6
        D:7 |    1052 |    1009 |  49.0 |      20 |       3 |  13.0
        D:8 |    1767 |     197 |  10.0 |      32 |       5 |  13.5
     Lair:1 |    5235 |       0 |   0.0 |      27 |       0 |   0.0
     Lair:2 |    1577 |     913 |  36.7 |       8 |       1 |  11.1
     Lair:3 |    2767 |   10888 |  79.7 |      12 |      30 |  71.4
     Lair:4 |    6285 |    1032 |  14.1 |      21 |       1 |   4.5
            +---------+---------+-------+---------+---------+-------
